 Dungeon Crawl Stone Soup version 0.30-a0-622-gddc90eaa04 (webtiles) character file.

Game seed: 15308419079138555666

101285 drugrobin the Wrestler (level 15, 0/113 HPs)
             Began as a Demigod Delver on Jan 11, 2023.
             Killed from afar by a deep elf zephyrmancer (3 damage)
             ... with a bolt of lightning
             ... on level 1 of the Elven Halls.
             The game lasted 01:30:27 (23101 turns).

drugrobin the Wrestler (Demigod Delver)            Turns: 23101, Time: 01:30:28

Health: 0/113      AC: 29    Str: 37    XL:     15   Next: 37%
Magic:  18/18      EV:  6    Int: 19    God:
Gold:   1122       SH:  3    Dex: 16    Spells: 14/14 levels left

rFire   + + +      SeeInvis .      - Unarmed
rCold   + . .      Faith    .    I - +0 buckler
rNeg    + + .      Spirit   .    l - +8 orange crystal plate armour {Archmagi, Int+3 Clar}
rPois   +          Reflect  .    g - +1 helmet
rElec   +          Harm     .    u - +1 cloak {Will+}
rCorr   .          Rampage  .    L - +0 pair of gloves
Will    ++...      Archmagi +    n - +1 pair of boots {Fly} Stlth Clarity +
                                 P - amulet "Irepnood" {rPois rC+ rN+ Regen+}
HPRegen 1.18/turn                O - +6 ring of strength
MPRegen 0.16/turn                f - ring of Waramirgh {rElec rF+++ rN+ Str+6 Dex-3, =R}

@: flying, invisible
A: high MP 1, forlorn, divine attributes
a: no special abilities


You were on level 1 of the Elven Halls.
You visited 5 branches of the dungeon, and saw 22 of its levels.

You collected 2275 gold pieces.
You spent 1153 gold pieces at shops.

Inventory:

Hand Weapons
 b - a +0 sling of draining
 c - a +0 whip of venom
 e - the +3 spear "Ygeixkak" {speed, +Blink rPois rC+ Int-5}
   (You found it on level 9 of the Dungeon)

   Int:       It affects your intelligence (-5).
   rC:        It protects you from cold.
   rPois:     It protects you from poison.
   +Blink:    It lets you blink.
Missiles
 h - 43 poisoned darts
 r - 17 boomerangs (quivered)
Armour
 g - a +1 helmet (worn)
 l - the +8 orange crystal plate armour (worn) {Archmagi, Int+3 Clar}
   (You took it off a gnoll bouda on level 9 of the Dungeon)

   Int:       It affects your intelligence (+3).
   Clar:      It protects you against confusion.
 n - a +1 pair of boots of flying (worn)
 u - a +1 cloak of willpower (worn)
 I - a +0 buckler (worn)
 L - a +0 pair of gloves (worn)
Jewellery
 f - the ring of Waramirgh (right hand) {rElec rF+++ rN+ Str+6 Dex-3, =R}
   (You acquired it on level 6 of the Dungeon)

   [ring of strength]

   Str:       It affects your strength (+6).
   Dex:       It affects your dexterity (-3).
   rF:        It renders you almost immune to fire.
   rElec:     It insulates you from electricity.
   rN:        It protects you from negative energy.
 q - the ring "Ytuoss" {rPois rC++ SInv}
   (You found it on level 2 of the Dungeon)

   [ring of see invisible]

   rC:        It greatly protects you from cold.
   rPois:     It protects you from poison.
   SInv:      It lets you see invisible.
 w - a ring of willpower
 J - a ring of resist corrosion
 O - a +6 ring of strength (left hand)
 P - the amulet "Irepnood" (around neck) {rPois rC+ rN+ Regen+}
   (You found it on level 9 of the Dungeon)

   [amulet of regeneration]

   rC:        It protects you from cold.
   rPois:     It protects you from poison.
   rN:        It protects you from negative energy.
   Regen:     It increases your rate of health regeneration.
Wands
 a - a wand of light (13)
 k - a wand of flame (24)
 y - a wand of charming (4)
 C - a wand of digging (7)
Scrolls
 p - 3 scrolls of amnesia
 t - a scroll of magic mapping
 v - 4 scrolls of vulnerability
 x - 5 scrolls of poison
 D - a scroll of torment
 E - 5 scrolls of identify
 F - 2 scrolls of blinking
 M - a scroll of enchant armour
 N - 3 scrolls of immolation
 Q - 4 scrolls of teleportation
 R - 2 scrolls of brand weapon
 S - a scroll of enchant weapon
Potions
 d - 5 potions of haste
 i - a potion of resistance
 o - 5 potions of cancellation
 s - 7 potions of lignification
 z - a potion of brilliance
 A - 3 potions of might
 B - 3 potions of ambrosia
 G - 2 potions of attraction
 K - 9 potions of curing
Miscellaneous
 H - a tin of tremorstones (inert)


   Skills:
 - Level 5.0 Fighting
 - Level 2.0 Dodging
 - Level 4.6 Stealth
 + Level 24.6 Unarmed Combat
 - Level 4.0 Evocations


You had 14 spell levels left.
You didn't know any spells.
Your spell library contained the following spells:

 Spells                   Type           Power      Damage    Failure   Level
 Magic Dart               Conj           0%         1d3       100%        1
 Shock                    Conj/Air       0%         1d3       100%        1
 Call Imp                 Summ           0%         N/A       100%        2
 Cigotuvi's Dreadful Rot  Necr/Pois/Air  0%         N/A       100%        2
 Mephitic Cloud           Conj/Pois/Air  0%         N/A       100%        3
 Swiftness                Air            0%         N/A       100%        3
 Airstrike                Air            0%         2d(0-16)  100%        4
 Anguish                  Hex/Necr       0%         N/A       100%        4
 Dispel Undead            Necr           0%         3d6       100%        4
 Summon Lightning Spire   Summ/Air       0%         N/A       100%        4
 Lightning Bolt           Conj/Air       0%         1d11      100%        5
 Yara's Violent Unravell  Hex/Tmut       0%         3d3       100%        5
 Death Channel            Necr           0%         N/A       100%        6
 Enfeeble                 Hex            0%         N/A       100%        7


Dungeon Overview and Level Annotations

Branches:
Dungeon (11/15)            Temple (0/1) D:7            Lair (5/5) D:11
  Swamp (3/4) Lair:2       Spider (0/4) Lair:2        Slime (0/5) Lair:5
    Orc (2/2) D:9             Elf (1/3) Orc:2

Shops:
D:2 :   D:4 *   D:9 [   D:10 ?   Orc:2 =*[(

Annotations:
D:3 1 runed translucent door, voltaire321's ghost, amateur OpHW
D:4 Menkaure
Swamp:2 Roxanne
Orc:1 2 transporters


Innate Abilities, Weirdness & Mutations

You have an increased reservoir of magic. (+10% MP)
You shall have no god before yourself.
Your divine heritage dramatically boosts your attributes as you level up.


Message History

The deep elf zephyrmancer resists with some effort.
The deep elf zephyrmancer gestures at you while chanting.
The bolt of lightning hits you. You resist.
* * * LOW HITPOINT WARNING * * *
You hear a shout! x2
Unknown command.
Unknown command.
Unknown command.
Unknown command.
Aiming: Charm
Press: ? - help, Shift-Dir - straight line, f/p - deep elf zephyrmancer
Aim: a deep elf zephyrmancer, wielding a +0 spear and carrying a wand of iceblast (4) (chance to affect: 41%)
The deep elf zephyrmancer resists with some effort.
You hear a twanging sound.
An arrow appears from out of thin air!
The arrow hits you!
* * * LOW HITPOINT WARNING * * *
You hear a twanging sound.
An arrow appears from out of thin air!
The arrow hits you.
* * * LOW HITPOINT WARNING * * *
The deep elf zephyrmancer gestures wildly while chanting.
The deep elf zephyrmancer blinks!
Unknown command.
Unknown command.
Unknown command.
You feel better.
Really quaff the potion of lignification?
Okay, then.
Unknown command.
Unknown command.
You fade into invisibility!
You hear a twanging sound.
An arrow appears from out of thin air!
The arrow hits you.
* * * LOW HITPOINT WARNING * * *
You hear a twanging sound.
An arrow appears from out of thin air!
The arrow hits you.
* * * LOW HITPOINT WARNING * * *
The deep elf zephyrmancer points at you and mumbles some strange words.
The bolt of lightning hits something!!
The bolt of lightning hits you. You resist.
You die...

..... .#....##### #...
>☼........ #... #.○....#..
#...######)°....).. ..
#........)○.....##. #..
#........).°...!... ##..#
#......|..).....#..
#....###....).).....#.#..
..###......e...@......#..
.................).#.#.# #
#..................#.#
#.###........§...##+##....
.................#.. #.###
..##......#......+.. ....
#......#####.....#.. ###
.......# #..#..##+#
.###.#.## #..#....


You could see a deep elf zephyrmancer (unable to see you).

Vanquished Creatures
  Nikola (Swamp:2)
  Jorgrun (Swamp:1)
  A thorn hunter (Swamp:2)
  Aizul (Swamp:2)
  An orc warlord (Orc:2)
  An eleionoma (Swamp:1)
  A deep elf demonologist (Elf:1)
  3 bunyips
  A fire dragon (Lair:5)
  A catoblepas (Lair:4)
  Fannar (D:10)
  12 hydras
  An ice dragon (Lair:2)
  7 alligators
  2 two-headed ogres (D:10)
  4 death yaks (Lair:5)
  4 orc high priests
  10 spriggans
  A deep elf knight (Elf:1)
  A fire crab (Lair:5)
  5 spriggan druids
  A swamp dragon (Lair:5)
  7 goliath frogs
  A deep elf archer (Elf:1)
  3 bog bodies
  A wizard (D:9)
  8 deep elf pyromancers (Elf:1)
  8 deep elf zephyrmancers (Elf:1)
  4 orc knights
  6 orc sorcerers
  An oklob plant (Lair:5)
  4 cyclopes
  A will-o-the-wisp (Swamp:1)
  2 manticores (D:11)
  4 black mambas
  5 elephants (Lair:1)
  An unseen horror (D:11)
  11 cane toads
  7 komodo dragons
  An efreet (D:9)
  Maggie (D:9)
  6 rime drakes
  A troll (D:9)
  12 tyrant leeches
  13 polar bears
  3 bloated husks
  8 hornets
  A raiju (Lair:5)
  12 blink frogs
  13 dream sheep
  A vampire (D:9)
  21 yaks
  4 culicivoras (Lair:2)
  6 wyverns
  A shadow (D:10)
  2 steam dragons (Lair:5)
  9 basilisks
  2 vampire mosquitoes (Swamp:1)
  9 swamp worms
  5 wargs
  12 water moccasins
  An acid dragon (Lair:5)
  16 hell hounds (Lair:5)
  Duvessa (D:6)
  41 orc warriors
  2 swamp drakes
  2 ice beasts (D:6)
  14 black bears
  A sky beast (D:7)
  4 centaurs
  5 ogres
  22 wolves
  3 kobold brigands
  18 bullfrogs
  3 scorpions
  3 necrophages
  Dowan (D:6)
  5 wights (D:9)
  4 killer bees
  2 howler monkeys
  3 electric eels
  A crimson imp (D:3)
  16 jellies
  2 hounds
  23 orc priests
  3 gnoll boudas
  4 iguanas
  35 orc wizards
  21 gnolls
  12 adders
  A shadow imp (D:6)
  3 white imps
  2 ufetubi (D:5)
  86 orcs
  3 ball pythons
  5 bats
  8 endoplasms
  3 giant cockroaches
  5 goblins
  4 hobgoblins
  4 quokkas
  3 frilled lizards
  27 kobolds
  7 rats
707 creatures vanquished.

Vanquished Creatures (others)
  2 orc wizards
  8 foxfires (Swamp:1)
  11 fungi
  59 plants
80 creatures vanquished.

Grand Total: 787 creatures vanquished

Notes
Turn   | Place    | Note
-------+----------+-------------------------------------------
     0 | D:5      | drugrobin the Demigod Delver began the quest for the Orb.
     0 | D:5      | Reached XP level 1. HP: 18/18 MP: 3/3
    29 | D:5      | Noticed a necrophage
    44 | D:4      | Found Fobocuo's Assorted Antiques.
    67 | D:4      | Noticed an iguana
   179 | D:3      | Found a runed translucent door.
   179 | D:3      | Noticed voltaire321's ghost (amateur OpHW)
   405 | D:1      | Reached skill level 2 in Unarmed Combat
   493 | D:1      | Reached XP level 2. HP: 24/24 MP: 4/4
  1111 | D:2      | Found Azxaamyc's Book Shop.
  1213 | D:2      | Reached skill level 3 in Unarmed Combat
  1213 | D:2      | Reached XP level 3. HP: 18/30 MP: 5/5
  1500 | D:2      | Identified the ring "Ytuoss" {rPois rC++ SInv}
  2081 | D:3      | Killed a necrophage
  2082 | D:3      | Reached skill level 4 in Unarmed Combat
  2082 | D:3      | Reached XP level 4. HP: 30/37 MP: 6/6
  2508 | D:4      | Bought a coral ring for 105 gold pieces
  2508 | D:4      | Bought a scroll labelled RAYCKO QARI for 21 gold pieces
  2541 | D:4      | Reached XP level 5. HP: 44/44 MP: 7/7
  2685 | D:4      | Reached skill level 5 in Unarmed Combat
  3012 | D:4      | Noticed Menkaure
  3849 | D:4      | Reached XP level 6. HP: 39/50 MP: 8/8
  4037 | D:4      | Reached skill level 6 in Unarmed Combat
  4672 | D:5      | Noticed an acid dragon
  4878 | D:5      | Reached skill level 7 in Unarmed Combat
  5022 | D:5      | Reached XP level 7. HP: 50/56 MP: 9/9
  5358 | D:6      | Noticed Duvessa
  5358 | D:6      | Noticed Dowan
  5411 | D:6      | Killed Duvessa
  5528 | D:5      | Reached skill level 8 in Unarmed Combat
  5905 | D:6      | Reached skill level 9 in Unarmed Combat
  5928 | D:6      | Reached XP level 8. HP: 61/62 MP: 10/10
  6031 | D:6      | Identified a scroll of acquirement
  6033 | D:6      | Acquired the ring of Waramirgh {rElec rF+++ rN+ Str+6
                  | Dex-3}
  6371 | D:6      | Identified the +2 scale mail "Fuas" {rF+ rC+}
  6378 | D:6      | Reached skill level 10 in Unarmed Combat
  6446 | D:6      | Killed Dowan
  6764 | D:7      | Found a staircase to the Ecumenical Temple.
  6837 | D:7      | Reached skill level 1 in Evocations
  7383 | D:7      | Reached XP level 9. HP: 64/68 MP: 11/11
  7722 | D:8      | Reached skill level 11 in Unarmed Combat
  8434 | D:8      | Reached skill level 12 in Unarmed Combat
  8913 | D:9      | Identified the +3 spear "Ygeixkak" {speed, +Blink rPois rC+
                  | Int-5}
  9035 | D:9      | Noticed a cyclops
  9035 | D:9      | Noticed a wizard
  9047 | D:10     | Entered Level 10 of the Dungeon
  9061 | D:10     | Noticed an angel
  9156 | D:10     | Noticed a two-headed ogre
  9309 | D:10     | Killed a two-headed ogre
  9310 | D:10     | Reached skill level 13 in Unarmed Combat
  9310 | D:10     | Reached XP level 10. HP: 41/75 MP: 13/13
  9416 | D:10     | Found The Oracle's Delphic Readings.
  9421 | D:10     | Bought a scroll of identify for 20 gold pieces
  9421 | D:10     | Bought a scroll of immolation for 40 gold pieces
  9421 | D:10     | Bought a scroll of identify for 20 gold pieces
  9768 | D:9      | Killed a cyclops
  9782 | D:9      | Noticed a cyclops
  9985 | D:10     | Noticed Fannar
  9985 | D:10     | Noticed a two-headed ogre
 10038 | D:9      | Killed a wizard
 10039 | D:9      | Reached skill level 14 in Unarmed Combat
 10271 | D:9      | Noticed Maggie
 10309 | D:9      | Killed Maggie
 10438 | D:9      | Identified the +1 ring mail "Ybaidd" {Harm rC+}
 10453 | D:9      | Found Tulibifih's Armour Shoppe.
 10628 | D:9      | Identified the amulet "Irepnood" {rPois rC+ rN+ Regen+}
 10794 | D:9      | Killed a cyclops
 10858 | D:9      | Found a staircase to the Orcish Mines.
 11178 | Orc:1    | Entered Level 1 of the Orcish Mines
 11181 | Orc:1    | Noticed an orc sorcerer
 11189 | Orc:1    | Killed an orc sorcerer
 11190 | Orc:1    | Reached skill level 15 in Unarmed Combat
 11220 | Orc:1    | Found a transporter.
 11224 | Orc:1    | Noticed an orc sorcerer
 11225 | Orc:1    | Noticed an orc warlord
 11225 | Orc:1    | Noticed an orc sorcerer
 11225 | Orc:1    | Noticed an orc knight
 11241 | Orc:1    | Noticed a two-headed ogre
 11242 | Orc:1    | Noticed a two-headed ogre
 11243 | Orc:1    | Noticed an orc knight
 11283 | Orc:1    | Noticed an orc warlord
 11306 | Orc:1    | Found a transporter.
 11317 | Orc:1    | Identified the +6 falchion "Trog's Righteous Fury" {flame,
                  | rPois rC+ Str+7 Dex+2}
 11529 | Orc:1    | Reached XP level 11. HP: 78/81 MP: 14/14
 11853 | Orc:2    | Entered Level 2 of the Orcish Mines
 11994 | Orc:2    | Noticed an orc knight
 12020 | Orc:1    | Killed an orc knight
 12102 | Orc:2    | Reached skill level 16 in Unarmed Combat
 12145 | Orc:2    | Found a staircase to the Elven Halls.
 12432 | Orc:2    | Noticed an orc high priest
 12490 | Orc:2    | Noticed an orc knight
 12502 | Orc:2    | Killed an orc knight
 12584 | Orc:2    | Noticed an orc knight
 12621 | Orc:2    | Killed an orc knight
 12657 | Orc:2    | Noticed an orc high priest
 12678 | Orc:2    | Noticed a soul eater
 12696 | Orc:2    | Noticed an orc knight
 12783 | Orc:2    | Killed an orc high priest
 12811 | Orc:2    | Killed an orc knight
 12812 | Orc:2    | Reached skill level 5 in Fighting
 12853 | Orc:2    | Noticed a sixfirhy
 12863 | Orc:2    | Killed an orc high priest
 13003 | Orc:2    | Noticed a soul eater
 13060 | Orc:2    | Reached skill level 17 in Unarmed Combat
 13074 | Orc:2    | Noticed an orc warlord
 13193 | Orc:2    | Killed an orc warlord
 13326 | Orc:2    | Noticed an orc high priest
 13343 | Orc:2    | Killed an orc high priest
 13397 | Orc:2    | Reached XP level 12. HP: 79/94 MP: 15/15
 13587 | Orc:2    | Found Xeipre's General Store.
 13588 | Orc:2    | Found Ylelurcha's Jewellery Boutique.
 13590 | Orc:2    | Found Wabiaq's Antique Armour Boutique.
 13590 | Orc:2    | Found Luxzetafipn's Antique Weapon Shop.
 13595 | Orc:2    | Bought a pair of embroidered boots for 172 gold pieces
 13595 | Orc:2    | Bought a glimmering helmet for 218 gold pieces
 13595 | Orc:2    | Identified the +2 helmet "Hapae" {Harm rN++ Regen+ Str-4
                  | Int-2} (You bought it in a shop on level 2 of the Orcish
                  | Mines)
 13617 | Orc:2    | Bought a wand of mindburst (8) for 123 gold pieces
 13617 | Orc:2    | Bought 2 scrolls of identify for 44 gold pieces
 13617 | Orc:2    | Bought a potion of magic for 88 gold pieces
 13617 | Orc:2    | Bought a scroll of identify for 22 gold pieces
 13618 | Orc:2    | Bought a ring of resist corrosion for 280 gold pieces
 14130 | D:11     | Reached skill level 18 in Unarmed Combat
 14659 | D:11     | Found a staircase to the Lair.
 14691 | Lair:1   | Entered Level 1 of the Lair of Beasts
 15256 | Lair:2   | Reached skill level 19 in Unarmed Combat
 15460 | Lair:2   | Found a hole to the Spider Nest.
 15646 | Lair:2   | Noticed an eight-headed hydra
 15646 | Lair:2   | Noticed a four-headed hydra
 15682 | Lair:1   | Killed an eight-headed hydra
 15732 | Lair:1   | Killed a four-headed hydra
 16009 | Lair:2   | Noticed an ice dragon
 16034 | Lair:2   | Killed an ice dragon
 16035 | Lair:2   | Reached XP level 13. HP: 86/100 MP: 16/16
 16329 | Lair:2   | Found a staircase to the Swamp.
 17270 | Lair:3   | Reached skill level 20 in Unarmed Combat
 17848 | Lair:4   | Identified the +1 plate armour "Rexzenna" {Contam rElec
                  | MP+9}
 18212 | Lair:5   | Entered Level 5 of the Lair of Beasts
 18242 | Lair:5   | Reached skill level 21 in Unarmed Combat
 18312 | Lair:5   | Found a staircase to the Slime Pits.
 19030 | Lair:5   | Reached XP level 14. HP: 98/107 MP: 17/17
 19208 | Lair:5   | Found the +7 sceptre of Torment {pain, torment}
 19228 | Lair:5   | Reached skill level 22 in Unarmed Combat
 19815 | D:10     | Killed Fannar
 19878 | Elf:1    | Entered Level 1 of the Elven Halls
 20074 | Swamp:1  | Entered Level 1 of the Swamp
 20493 | Swamp:1  | Reached skill level 23 in Unarmed Combat
 20731 | Swamp:1  | Noticed Jorgrun
 20747 | Swamp:1  | Killed Jorgrun
 21591 | Swamp:2  | Noticed a thorn hunter
 21614 | Swamp:2  | Killed a thorn hunter
 21854 | Swamp:2  | Noticed Aizul
 21865 | Swamp:2  | Killed Aizul
 21866 | Swamp:2  | Reached XP level 15. HP: 60/113 MP: 18/18
 22036 | Swamp:2  | You are sucked into a shaft and drop 1 floor!
 22092 | Swamp:3  | Reached skill level 24 in Unarmed Combat
 22320 | Swamp:2  | Identified Roxanne's Octavo of the Caves
 22320 | Swamp:2  | Noticed Roxanne
 22565 | Swamp:2  | Noticed Nikola
 22583 | Swamp:2  | Killed Nikola
 23099 | Elf:1    | HP: 2/113 [something (5)]
 23101 | Elf:1    | Killed from afar by a deep elf zephyrmancer

Illustrated notes

Levels and vault maps discovered:
D:1:      minmay_arrival_five_plusses, layout_loops_ring
D:2:      layout_basic, serial_shops, shop, chequers_serial_rivers_small_b,
          minmay_misc_feat_nine_boxes, chequers_serial_rivers_room_a,
          patterned_corridor
D:3:      layout_loops_cross, grunt_temple_overflow_lords_of_destruction,
          ebering_ghost_reflecting_pool, serial_bayou_lagoon_a
D:4:      layout_basic, minmay_shop_grid_forest, grunt_ministairs_2,
          uniq_menkaure
D:5:      kennysheep_big_flooded_room, layout_rooms, kennysheep_mini
D:6:      layout_gridville, minmay_fractal_squares_diagonal_5, uniq_duvessa
D:7:      layout_basic, minmay_temple_entry_arrows, kennysheep_generic_room_7
D:8:      layout_rooms, grunt_temple_overflow_open
D:9:      layout_irregular_city, orc_0_dummy, serial_shops, shop,
          minmay_radiant, uniq_maggie
D:10:     layout_cross, old_standard_altar,
          grunt_temple_overflow_order_and_chaos_1, st_stairs_7,
          nicolae_nh_oracle_at_delphi, uniq_fannar
D:11:     layout_layer_cave, david_lair_generic
Lair:1:   layout_hall_layers, st_stairs_12, lemuel_fruit_fields
Lair:2:   dragon1_lemuel, layout_gridlike, palyth_hydra_swamp_entry,
          hellmonk_spider_entry_life_and_decay, grunt_megastairs_4
Lair:3:   layout_gridlike
Lair:4:   layout_cave_shapes, basic_altar, grunt_forest_small_clearing_treed,
          serial_bayou_shore_a, grunt_megastairs_2, lemuel_fruit_tree
Lair:5:   guppyfry_lair_end_dragon, layout_misc_corridors,
          hangedman_lair_caniforms_friends, minmay_slime_entry_jelly_boxes
Swamp:1:  nicolae_swamp_ascending_descending_big, layout_falls_marsh,
          evilmike_swamp_ruin_wall, swamp_pool1, uniq_jorgrun
Swamp:2:  layout_basic_swamp, serial_swamp_ruin, evilmike_swamp_ruin_house_6,
          hangedman_swamp_ruin_wall, swamp_pool4, nzn_swamp_stair_ambush,
          uniq_nikola, uniq_roxanne, uniq_aizul
Swamp:3:  layout_falls_marsh, hangedman_swamp_blocks, swamp_pool2
Orc:1:    gammafunk_beogh_shrine, layout_caves, nicolae_orc_bridge_out
Orc:2:    st_orc_congregation, layout_caves, basic_altar
Elf:1:    layout_loops_cross, basic_altar, minmay_elf_demonology,
          elves_outpost_lemuel

Skill      XL: |  1  2  3  4  5  6  7  8  9 10 11 12 13 14 15 |
---------------+----------------------------------------------+-----
Dodging        | 2 |  2.0
Unarmed Combat | 2 3 4 5 7 9 10 13 15 17 19 21 23 24 | 24.6
Evocations     | 3 4 |  4.0
Fighting       | 5 |  5.0
Stealth        | |  4.6

Action                   |  1- 3 |  4- 6 |  7- 9 | 10-12 | 13-15 || total
-------------------------+-------+-------+-------+-------+-------++-------
Melee: Unarmed           |   134 |   292 |   353 |   889 |  1038 ||  2706
       Punch             |     3 |     8 |    12 |       |       ||    23
       War axe           |       |     8 |       |       |       ||     8
       Whip              |       |       |       |     9 |       ||     9
 Fire: Sling             |    24 |     6 |    16 |     3 |     4 ||    53
Throw: Dart              |     3 |    11 |    37 |    28 |     2 ||    81
       Throwing net      |       |       |     2 |     2 |       ||     4
       Boomerang         |       |       |       |    30 |    54 ||    84
Evoke: Wand              |     3 |       |    11 |    19 |    25 ||    58
       Tin of tremorston |       |       |       |       |     2 ||     2
  Use: Scroll            |     2 |       |    12 |    14 |    11 ||    39
       Potion            |     1 |       |       |     5 |     7 ||    13
 Stab: Sleeping          |     4 |       |       |       |       ||     4
       Invisible         |       |       |     2 |     2 |     4 ||     8
       Held in net/web   |       |       |     2 |     1 |       ||     3
Armor: Leather armour    |    38 |       |       |       |       ||    38
       Chain mail        |    16 |   159 |    69 |       |       ||   244
       Scale mail        |       |       |    86 |    37 |       ||   123
       Crystal plate arm |       |       |       |   492 |   724 ||  1216
Dodge: Dodged            |    87 |    99 |   166 |   216 |   218 ||   786
Block: Buckler           |       |       |    19 |   103 |   138 ||   260

Table legend: (Time is in decaauts)
 A = Elapsed time spent in this place.
 B = Non-inter-level travel time spent in this place.
 C = Inter-level travel time spent in this place.
 D = Time resting spent in this place.
 E = Time spent auto-exploring this place.
 F = Levels seen in this place.
 G = Mean time per level.
                   A        B        C        D        E       F      G
               +--------+--------+--------+--------+--------+-----+--------+
         Total |  22538 |  21110 |   1428 |   3071 |  11017 |  22 | 1024.5 |
       Dungeon |  12086 |  11344 |    742 |   2245 |   5623 |  11 | 1098.7 |
          Lair |   5172 |   4818 |    354 |    278 |   3083 |   5 | 1034.4 |
         Swamp |   2444 |   2300 |    144 |    334 |   1228 |   3 |  814.7 |
  Orcish Mines |   2616 |   2429 |    187 |    213 |    993 |   2 | 1308.0 |
   Elven Halls |    218 |    218 |      0 |      0 |     90 |   1 |  218.0 |
               +--------+--------+--------+--------+--------+-----+--------+

Top non-repeatable levels by time:
     D:4: 2039 daAuts
     D:9: 2029 daAuts
   Orc:2: 1656 daAuts
  Lair:2: 1474 daAuts
  Lair:5: 1339 daAuts
     D:6: 1290 daAuts
 Swamp:1: 1119 daAuts
 Swamp:2: 1047 daAuts
     D:7: 1010 daAuts
     D:8: 963 daAuts
   Orc:1: 960 daAuts
     D:2: 938 daAuts
    D:10: 894 daAuts
     D:5: 890 daAuts
  Lair:3: 862 daAuts
